 Dungeon Crawl Stone Soup version 0.18-a0-1685-g4482fe3 (webtiles) character file.

65 FrancescoMac the Insei (level 4, -7/32 HPs)
             Began as a Human Transmuter on Apr 4, 2016.
             Mangled by Sigmund
             ... wielding a +2 scythe of venom
              (10 damage)
             ... on level 2 of the Dungeon.
             The game lasted 00:05:50 (1350 turns).

FrancescoMac the Insei (Human Transmuter)           Turns: 1350, Time: 00:05:51

Health: -7/32      AC:  2    Str: 10    XL:     4   Next: 35%
Magic:  0/7        EV: 20    Int: 14    God:
Gold:   67         SH:  0    Dex: 19    Spells: 2 memorised, 3 levels left

rFire  . . .     SeeInvis .       - Unarmed
rCold  . . .     Gourm    .     (armour currently unavailable)
rNeg   . . .     Faith    .     (shield currently unavailable)
rPois  x         Spirit   .     (helmet currently unavailable)
rElec  .         Dismiss  .     (cloak currently unavailable)
rCorr  .         Reflect  .     (gloves currently unavailable)
SustAt .         Harm     .     (boots currently unavailable)
MR     .....                    (no amulet)
Stlth  ++........               (no ring)
                                (no ring)

@: spider-form, very slightly contaminated, not resistant to hostile
enchantments, unstealthy
A: no striking features
a: End Transformation


You were on level 2 of the Dungeon.
You were not hungry.
You were a venomous arachnid creature.
You visited 1 branch of the dungeon, and saw 2 of its levels.

You collected 67 gold pieces.

Inventory:

Missiles
 a - 12 arrows
Armour
 b - a +0 robe (melded)
 n - a +0 cloak
Scrolls
 e - a scroll of remove curse
 j - a scroll of noise {unknown}
Potions
 f - 2 potions of flight
 h - a potion of curing {unknown}
 l - a potion of might
 m - a potion of brilliance {unknown}
Books
 c - a book of Changes

   Spells                             Type                      Level
   a - Beastly Appendage              Transmutation                1
   b - Sticks to Snakes               Transmutation                2
   c - Spider Form                    Transmutation/Poison         3
   d - Ice Form                       Ice/Transmutation            4
   e - Blade Hands                    Transmutation                5
Comestibles
 d - a bread ration
 g - 2 chunks of flesh
 i - a meat ration
 k - 2 royal jellies


   Skills:
 + Level 1.3 Fighting
 + Level 2.5 Dodging
 + Level 0.2 Stealth
 + Level 3.8 Unarmed Combat
 + Level 2.2 Spellcasting
 + Level 2.6 Transmutations


You had 3 spell levels left.
You knew the following spells:

 Your Spells              Type           Power        Failure   Level  Hunger
a - Beastly Appendage     Trmt           #.....       24%         1    #......
b - Spider Form           Trmt/Pois      #.........   69%         3    ###....


Dungeon Overview and Level Annotations

Branches:
Dungeon (2/15)

Altars:

Annotations:
D:2 Sigmund


Message History

Your +0 robe unmelds from your body.
Sigmund misses you.
You hit Sigmund.
Sigmund is heavily wounded.
Casting: Spider Form
Confirm with . or Enter, or press ? or * to list all spells.
You miscast Spider Form.
You are very lightly contaminated with residual magic.
Your skin glows momentarily.
Sigmund hits you with a scythe of venom.
* * * LOW HITPOINT WARNING * * *
Casting: Spider Form
Confirm with . or Enter, or press ? or * to list all spells.
You turn into a venomous arachnid creature.
Your +0 robe melds into your body.
Sigmund closely misses you.
You barely miss Sigmund.
Sigmund is heavily wounded.
You hit Sigmund.
Sigmund is severely wounded.
Sigmund hits you with a scythe of venom!
You die...

#.# ### #.# #.# #.. ...
##'###.# #.. ##...##.#
#.# ##.....#.# #.# #
##........# #.#
####.........###.#
)..'.............#####.#
####..........>.s@.....#
## ##.......######..####
.# ##.....## #.# .#
##...## .# .# ##'## # .#
#.# .# #.# ### .#
##.##... .# ##...#.#


You could see Sigmund.

Vanquished Creatures
  Terence (D:2)
  A gnoll (D:1)
  An ooze (D:1)
  A dart slug (D:1)
  2 giant geckos (D:1)
  2 bats (D:1)
  2 giant cockroaches (D:1)
  4 goblins
  A hobgoblin (D:1)
  2 kobolds (D:1)
  3 giant newts (D:1)
  5 rats (D:1)
25 creatures vanquished.

Notes
Turn   | Place    | Note
--------------------------------------------------------------
     0 | D:1      | FrancescoMac the Human Transmuter began the quest for the Orb.
     0 | D:1      | Reached XP level 1. HP: 15/15 MP: 3/3
    65 | D:1      | Reached XP level 2. HP: 7/21 MP: 1/5
   336 | D:1      | Reached XP level 3. HP: 5/26 MP: 4/6
  1028 | D:2      | Noticed Terence
  1036 | D:2      | Learned a level 3 spell: Spider Form
  1103 | D:2      | Killed Terence
  1103 | D:2      | Reached XP level 4. HP: 16/32 MP: 3/7
  1324 | D:2      | Noticed Sigmund
  1350 | D:2      | Mangled by Sigmund

Vault maps used:
D:1:      evilmike_arrival_crescent
D:2:      ecumenical_altar_2, first_bread, uniq_sigmund, uniq_terence

Action                   |  1- 3 |  4- 6 || total
-------------------------+-------+-------++-------
Melee: Unarmed           |    70 |    15 ||    85
 Cast: Beastly Appendage |    12 |       ||    12
       Spider Form       |     1 |     2 ||     3
  Use: Scroll            |     3 |       ||     3
 Stab: Sleeping          |     1 |       ||     1
  Eat: Chunk             |     1 |       ||     1
       Bread ration      |       |     1 ||     1
